 Dungeon Crawl Stone Soup version 0.29-a0-870-g2c972031a6 (webtiles) character file.

Game seed: 1797789524809507229

37 jimonade the Shooter (level 3, -1/28 HPs)
             Began as a Formicid Hunter on July 17, 2022.
             Slain by Natasha (5 damage)
             ... on level 2 of the Dungeon.
             The game lasted 00:02:01 (910 turns).

jimonade the Shooter (Formicid Hunter)               Turns: 910, Time: 00:02:02

Health: -1/28      AC:  3    Str: 15    XL:     3   Next: 60%
Magic:  4/4        EV: 10    Int: 10    God:
Gold:   37         SH:  9    Dex: 17    Spells: 3/3 levels left

rFire   . . .      SeeInvis +   a - +0 shortbow
rCold   . . .      Faith    .   m - +2 kite shield
rNeg    . . .      Spirit   .   c - +0 leather armour
rPois   .          Reflect  .   (helmet unavailable)
rElec   .          Harm     .   (no cloak)
rCorr   .          Rampage  .   (no gloves)
Will    .....                   (no boots)
Stlth   ++........              (no amulet)
HPRegen 0.09/turn               (no ring)
MPRegen 0.09/turn               (no ring)

@: no status effects
A: permanent stasis, dig shafts and tunnels, antennae 3, four strong arms
a: Dig, Shaft Self


You were on level 2 of the Dungeon.
You visited 1 branch of the dungeon, and saw 2 of its levels.

You collected 37 gold pieces.

Inventory:

Hand Weapons
 a - a +0 shortbow (weapon)
 i - a +2 dagger of draining
 k - a +0 short sword
Armour
 c - a +0 leather armour (worn)
 g - a +0 robe
 m - a +2 kite shield (worn)
Scrolls
 b - 2 scrolls of immolation
 e - a scroll of enchant weapon {unknown}
 h - a scroll of identify {unknown}
 l - a scroll of summoning {unknown}
Potions
 d - a potion of brilliance {unknown}
 f - a potion of heal wounds {unknown}
 j - a potion of haste {unknown}


   Skills:
 * Level 2.5 Fighting
 + Level 4.6 Ranged Weapons
 + Level 2.1 Dodging
 - Level 1.2 Stealth
 * Level 0.9 Spellcasting


You had 3 spell levels left.
You didn't know any spells.
Your spell library contained the following spells:

 Spells                   Type           Power      Damage    Failure   Level
 Apportation              Tloc           0%         N/A       75%         1
 Alistair's Intoxication  Tmut/Pois      0%         N/A       100%        5


Dungeon Overview and Level Annotations

Branches:
Dungeon (2/15)

Altars:

Annotations:
D:2 Natasha


Innate Abilities, Weirdness & Mutations

You cannot be hasted, slowed, berserked, paralysed or teleported.
You can dig through walls and to a lower floor.
You have a pair of large antennae on your head. (SInv)
Your four strong arms can wield two-handed weapons with a shield.


Message History

The adder hisses angrily.
Natasha, Servant of Life and Death comes into view.
You shoot an arrow. The arrow misses the adder.
The arrow closely misses Natasha.
You shoot an arrow. The arrow misses the adder.
The arrow hits Natasha.
Natasha is moderately wounded.
You shoot an arrow. The arrow hits the adder!
The adder is severely wounded.
The adder bites you.
You shoot an arrow. The arrow misses the adder.
The arrow hits Natasha.
Natasha is heavily wounded.
The adder barely misses you. x2
You shoot an arrow. The arrow closely misses the adder.
You block the adder's attack. You block Natasha's attack.
You block the adder's attack. Natasha claws you.
You shoot an arrow. The arrow hits the adder!
You kill the adder!
You block Natasha's attack.
Your Dodging skill increases to level 2!
You shoot an arrow. The arrow barely misses Natasha.
Natasha claws you. Natasha casts a spell at you. The magic dart hits you.
You are too injured to fight recklessly!
You are too injured to fight recklessly!
Unknown command.
Fire: a) +0 shortbow
Press: ? - help, Q - select action, (/) - cycle Shift-Dir - straight line, f/p - Natasha
Aim: Natasha (heavily wounded, 56% to hit)
You shoot an arrow. The arrow hits Natasha.
Natasha is severely wounded.
Natasha howls an incantation.
Natasha shimmers violently.
Natasha claws you!
* * * LOW HITPOINT WARNING * * *
Fire: a) +0 shortbow
Press: ? - help, Q - select action, (/) - cycle Shift-Dir - straight line, f/p - Natasha
Aim: Natasha (severely wounded, 56% to hit)
You shoot an arrow. The arrow closely misses Natasha.
You block Natasha's attack. Natasha claws you.
You die...

.. ..#.##.).....
....#.........#..
.#)#.##......#..
....##........
#.#.##........
#.#.##.....#
#...##.....#
#.#.##..†..####
#.#.@h.........
#.####.....####
#<# #.....# #.#
##....# #.#
####.# #.# .# #.#
# #.# ..#


You could see Natasha.

Vanquished Creatures
  An adder (D:2)
  3 endoplasms
  A giant cockroach (D:1)
  5 goblins
  3 hobgoblins (D:1)
  2 quokkas (D:1)
  5 ball pythons
  3 kobolds (D:1)
  2 rats (D:1)
25 creatures vanquished.

Notes
Turn   | Place    | Note
-------+----------+-------------------------------------------
     0 | D:1      | jimonade the Formicid Hunter began the quest for the Orb.
     0 | D:1      | Reached XP level 1. HP: 16/16 MP: 1/1
    69 | D:1      | Reached XP level 2. HP: 22/22 MP: 2/2
   469 | D:1      | Reached XP level 3. HP: 28/28 MP: 3/3
   898 | D:2      | Noticed Natasha
   910 | D:2      | Slain by Natasha

Illustrated notes

Levels and vault maps discovered:
D:1:      wander_arrival_chamber, layout_loops_ring
D:2:      layout_basic, shapermc_ecumenical_altar_notcrosses, minmay_tromino_i4,
          uniq_natasha

Skill      XL: |  1  2  3 |
---------------+----------+-----
Dodging        | 2 |  2.1
Fighting       | |  2.5
Ranged Weapons | |  4.6
Stealth        | |  1.2
Spellcasting   | |  0.9

Action                   || total
-------------------------++-------
 Fire: Shortbow          ||    72
Armor: Leather armour    ||     3
Dodge: Dodged            ||    13
Block: Kite shield       ||     6

Table legend: (Time is in decaauts)
 A = Elapsed time spent in this place.
 B = Non-inter-level travel time spent in this place.
 C = Inter-level travel time spent in this place.
 D = Time resting spent in this place.
 E = Time spent auto-exploring this place.
 F = Levels seen in this place.
 G = Mean time per level.
                   A        B        C        D        E       F      G
               +--------+--------+--------+--------+--------+-----+--------+
         Total |    933 |    874 |     59 |      0 |    652 |   2 |  466.5 |
       Dungeon |    933 |    874 |     59 |      0 |    652 |   2 |  466.5 |
               +--------+--------+--------+--------+--------+-----+--------+

Top non-repeatable levels by time:
     D:1: 893 daAuts
     D:2: 40 daAuts
